 Dungeon Crawl Stone Soup version 0.30.1-11-g7821555f0a (webtiles) character file.

Game seed: 17089664548878351453

267 Okkudo the Cleaver (level 6, -1/52 HPs)
             Began as a Hill Orc Monk on Dec 1, 2023.
             Was a Believer of Beogh.
             Slain by a hornet (6 damage)
             ... on level 4 of the Dungeon.
             The game lasted 00:08:56 (3416 turns).

Okkudo the Cleaver (Hill Orc Monk)                  Turns: 3416, Time: 00:08:58

Health: -1/52      AC:  8    Str: 16    XL:     6   Next: 21%
Magic:  6/6        EV:  7    Int: 10    God:    Beogh [**....]
Gold:   113        SH:  0    Dex: 13    Spells: 5/5 levels left

rFire   . . .        a - +0 hand axe
rCold   . . .        d - orb {light}
rNeg    . . .        n - +0 chain mail
rPois   .            (no helmet)
rElec   .            (no cloak)
rCorr   .            (no gloves)
SInv    .            (no boots)
Will    .....        (no amulet)
Stlth   x              - +4 ring of slaying
HPRegen 0.28/turn    (no ring)
MPRegen 0.10/turn

%: no passive effects
@: confused, lethally poisoned (-1 -> -4), ambrosia-drunk, slowed, glowing, very
slow
A: no striking features
a: Renounce Religion, Smiting


You were on level 4 of the Dungeon.
You worshipped Beogh.
Beogh was pleased with you.
You visited 1 branch of the dungeon, and saw 4 of its levels.

You collected 113 gold pieces.

Inventory:

Hand Weapons
 a - a +0 hand axe (weapon)
Armour
 d - an orb of light (worn)
 n - a +0 chain mail (worn)
Jewellery
 x - a +4 ring of slaying (left hand)
Wands
 w - a wand of mindburst (13)
Scrolls
 e - a scroll of identify {unknown}
 g - a scroll of blinking {unknown}
 i - 2 scrolls of fear {unknown}
 j - 3 scrolls of magic mapping {unknown}
 m - a scroll of poison {unknown}
 u - a scroll of enchant weapon {unknown}
 v - a scroll of brand weapon {unknown}
 y - 2 scrolls of teleportation {unknown}
Potions
 b - a potion of degeneration {unknown}
 c - a potion of ambrosia
 f - 4 potions of curing {unknown}
 h - a potion of magic {unknown}
 k - a potion of invisibility {unknown}
 l - 3 potions of haste {unknown}
 o - a potion of might {unknown}
 p - a potion of brilliance {unknown}
 q - a potion of lignification {unknown}
 s - a potion of flight {unknown}
 t - a potion of mutation {unknown}


   Skills:
 - Level 3.7 Fighting
 * Level 8.8 Axes
 - Level 2.5 Dodging


You had 5 spell levels left.
You didn't know any spells.
Your spell library was empty.

Dungeon Overview and Level Annotations

Branches:
Dungeon (4/15)
 Temple: D:4-7

Altars:

Shops:
D:1 [   D:2 (   D:3 !:!


Message History

You closely miss the hornet.
The hornet is lightly wounded.
You feel yourself speed up. The hornet stings you!
You feel yourself slow down. The hornet barely misses you.
You hit the hornet but do no damage.
The hornet is moderately wounded.
The hornet stings you.
You feel as though you will be slow longer.
The hornet stings you!
You are poisoned.
You feel as though you will be slow longer.
You are confused.
You feel invigorated.
You feel very sick. The hornet stings you!
* * * LOW HITPOINT WARNING * * *
You are lethally poisoned!
You feel as though you will be slow longer.
The hornet completely misses you. The hornet barely misses you.
Found a stone staircase leading down.
* * * LOW HITPOINT WARNING * * *
You feel very sick. The hornet barely misses you.
The hornet stings you but does no damage.
You feel very sick. The hornet stings you.
* * * LOW HITPOINT WARNING * * *
You feel as though you will be slow longer.
The hornet completely misses you.
You bump into the rock wall.
You feel very sick. The hornet closely misses you.
The hornet barely misses you.
You bump into the rock wall.
You feel sick.
The hornet looks more healthy.
The hornet stings you but does no damage.
The hornet stings you!
* * * LOW HITPOINT WARNING * * *
You feel as though you will be slow longer.
The hornet stings you.
You die...

## ##..## .### #...#
#..###...# .........# #
..##.....# #..
######..## #...# ##.##
###...# ##.## ###...#
##.#####.@y###
########.##...##......
###....####...### .(....
...............# >...((
...............# #.....
..............## #....
..............# ##..
.............##
.............###########


You could see a hornet.

Vanquished Creatures
  A howler monkey (D:4)
  A hound (D:4)
  Natasha (thrice) (D:3)
  An iguana (D:4)
  3 adders
  A worm (D:4)
  2 dart slugs
  4 orcs
  4 endoplasms
  2 giant cockroaches
  2 goblins
  5 hobgoblins
  2 quokkas
  4 ball pythons
  5 bats (D:2)
  5 frilled lizards
  3 kobolds (D:2)
  3 rats (D:1)
51 creatures vanquished.

Vanquished Creatures (others)
  An orc priest (D:3)
  An orc wizard (D:3)
2 creatures vanquished.

Grand Total: 53 creatures vanquished

Notes
Turn   | Place    | Note
-------+----------+-------------------------------------------
     0 | D:1      | Okkudo the Hill Orc Monk began the quest for the Orb.
     0 | D:1      | Reached XP level 1. HP: 19/19 MP: 1/1
   485 | D:1      | Reached XP level 2. HP: 27/27 MP: 2/2
   594 | D:1      | Found Junkuob's Antique Armour Shop.
  1004 | D:2      | Reached skill level 5 in Axes
  1139 | D:2      | Reached XP level 3. HP: 14/33 MP: 3/3
  1384 | D:2      | Found Sagir's Weapon Shop.
  2098 | D:3      | Found Bimiv's Distillery.
  2145 | D:3      | Noticed Natasha
  2156 | D:3      | Killed Natasha
  2157 | D:3      | Reached skill level 6 in Axes
  2157 | D:3      | Reached XP level 4. HP: 31/40 MP: 4/4
  2203 | D:3      | Became a worshipper of Beogh the Brigand
  2203 | D:3      | Reached * piety under Beogh
  2203 | D:3      | Reached ** piety under Beogh
  2244 | D:3      | Noticed Natasha
  2251 | D:3      | Killed Natasha
  2252 | D:3      | Reached skill level 7 in Axes
  2252 | D:3      | Reached XP level 5. HP: 42/46 MP: 5/5
  2349 | D:3      | Found Huheuk's Book Shop.
  2479 | D:3      | Noticed Natasha
  2490 | D:3      | Killed Natasha
  2684 | D:3      | Found Joasau Dire's Distillery.
  3113 | D:4      | Reached skill level 8 in Axes
  3114 | D:4      | HP: 2/46 [iguana (5)]
  3124 | D:4      | Reached XP level 6. HP: 13/52 MP: 6/6
  3405 | D:4      | Noticed a hornet
  3416 | D:4      | Slain by a hornet

Illustrated notes

Levels and vault maps discovered:
D:1:      minmay_arrival_four_houses, layout_loops_corners, serial_glass,
          glass_columns_a, glass_columns_b, due_unseen_surprise, serial_shops,
          nicolae_shop_rolling_square
D:2:      layout_basic, serial_shops, nicolae_shop_rolling_square,
          kennysheep_nub
D:3:      layout_loops_ring, serial_shops, nicolae_shop_advertising_works
          [nicolae_subvault_shop_adworks], shop, nicolae_lakefront_shop,
          uniq_natasha
D:4:      layout_cave_pods, cheibriados_altar_1, grunt_ministairs_9

Skill      XL: |  1  2  3  4  5 |
---------------+----------------+-----
Axes           | 5 6 7 8 |  8.8
Fighting       | |  3.7
Dodging        | |  2.5

Action                     |  1- 3 |  4- 6 || total
---------------------------+-------+-------++-------
  Melee: Hand axe          |    96 |    72 ||   168
  Throw: Dart              |       |     4 ||     4
 Invoke: Convert to Beogh  |       |     1 ||     1
    Use: Potion            |       |     2 ||     2
 Armour: Robe              |    26 |       ||    26
         Chain mail        |     5 |    36 ||    41
  Dodge: Dodged            |    59 |    31 ||    90
